Arrhythmia, chaotic female vampiric Convict @ Arrhythmia the Prisoner Experience level: 11 Strength: 18/01 Dexterity: 12 Constitution: 19 Intelligence: 9 Wisdom: 9 Charisma: 6 Health: 0(113) Energy: 68(68) AC: -8 Gold: 0 Moves: 9131 Your Inventory: Armor e - a blessed +2 pair of leather gloves (being worn) j - an uncursed +0 dwarvish mithril-coat (being worn) q - a blessed +2 small shield (being worn) C - an uncursed +0 elven cloak (being worn) D - a blessed +1 pair of walking shoes [low] (being worn) Scrolls i - an [uncursed] unlabeled scroll [of blank paper] p - an [uncursed] scroll of teleportation s - an [uncursed] scroll labeled SODALG [of scare monster] Potions g - a blessed potion of full healing Rings k - an uncursed ring of shock resistance t - an [uncursed] wooden ring [of protection from shape changers] Wands h - an [uncursed] wand of create monster [0:12] n - an [uncursed] wand of magic missile [0:7] Tools f - an uncursed bag of holding named Portal to the elemental plane of TEETH o - an [uncursed] skeleton key z - an uncursed [+0] unicorn horn Gems r - a [cursed] gray stone [loadstone] Iron balls c - an uncursed corroded heavy iron ball (weapon in hand) Contents of the bag of holding named Portal to the elemental plane of TEETH: 346 gold pieces an [uncursed] rustproof [+0] broadsword named Luck Blade [Luck Blade] an uncursed fireproof [+0] sling of detonation a [blessed +2] leather armor [of drain resistance] an uncursed +0 striped shirt an [uncursed] scroll labeled TEMOV [of light] an [uncursed] scroll of teleportation 2 [uncursed] potions of extra healing an [uncursed] moonstone ring [of poison resistance] an uncursed ring of invisibility an [uncursed] runed wand [of probing (0:6)] an uncursed wand of create monster [0:13] an uncursed wand of create monster [0:14] an uncursed [+0] pick-axe an [uncursed] blue gem [worthless glass] an [uncursed] orange gem [worthless glass] an [uncursed] yellow gem [chrysoberyl] Spells known in the end: Name Level Category Fail Memory Your skills at the end: Fighting Skills body armor [Basic / Skilled] shield [Basic / Basic] Weapon Skills flail [Skilled / Expert] sling [Basic / Skilled] Spellcasting Skills Final Attributes: You were piously aligned. Hunger level was -40. Your alignment was 54 / 55. Monster difficulty range was 1 - 10. Level difficulty was 9. You were immune to poison. You were immune to level-drain. You were immune to sickness. You were stealthy. You could fly. You could survive without air. You were swallowed by an air elemental (1). You regenerated. You were lucky (3). You are dead. Vanquished creatures: a disenchanter 5 ghosts a large mimic a baby long worm a giant zombie a sergeant a small mimic a warhorse a xan a wood golem a gelatinous cube a shocking sphere a gargoyle a tengu an ochre jelly 4 stone giants an elf mummy a pit viper a wraith a carnivorous ape a leather golem 4 Grey-elves 4 soldiers a crocodile a giant beetle 2 quivering blobs 3 winter wolf cubs 2 lynxes a spotted jelly 3 orc-captains 3 giant spiders a scorpion 2 gnome kings an orc mummy a brown pudding a yeti 2 gold golems a werewolf 2 lizards a dingo 3 dwarf lords 2 blue jellies 2 white unicorns a gray unicorn a dust vortex a raven 3 apes 3 Woodland-elves 11 fire ants a snow ant 7 Mordor orcs 8 Uruk-hai 5 orc shamans a pony 2 yellow lights 14 gnome lords a gnomish wizard a kobold mummy a red naga hatchling a black naga hatchling a straw golem a wax golem a baby crocodile 9 giant ants a kitten 16 dwarves 2 kobold lords 2 kobold shamans 15 hill orcs 8 rothes a centipede a giant bat 3 dwarf zombies a wererat a werejackal an iguana an acid blob 7 coyotes 2 gas spores 3 hobbits 2 large kobolds a hobgoblin 2 giant rats 2 cave spiders a brown mold 2 yellow molds a green mold 74 gnomes 5 garter snakes 4 gnome zombies 2 geckos 11 jackals 3 foxes 2 kobolds 15 goblins a sewer rat 6 grid bugs 4 lichens 8 newts 356 creatures vanquished. Voluntary challenges: You went without food. You never hit with a wielded weapon. You read items or engraved 14 times. You put on armor 64 times. You never genocided any monsters. You never polymorphed an object. You changed form 1 time. You used no wishes. You abstained from Elbereth's help. You never encountered a bones level. You never used any Sokoban shortcuts. Dungeon overview: The Dungeons of Doom: levels 1 to 3 Level 1 some fountains a long staircase Level 2 an altar, a fountain Level 3 a delicatessen, some fountains stairs to The Gnomish Mines The Gnomish Mines: levels 4 to 11 Level 4 stairs to The Dungeons of Doom Level 7 many shops, a temple to Tymora, a magic chest, some fountains Level 9 <- You were here History has recorded: On T:1 you entered the Dungeons of Doom to retrieve the Amulet of Yendor! On T:461 you advanced to experience level 2. On T:660 you reached level 2 of The Dungeons of Doom. On T:847 you advanced to experience level 3. On T:977 you advanced to experience level 4. On T:1068 you reached level 3 of The Dungeons of Doom. On T:1199 you reached level 1 of The Gnomish Mines. On T:1241 you advanced to experience level 5. On T:1311 you advanced to experience level 6. On T:1651 you advanced to experience level 7. On T:2159 you reached level 2 of The Gnomish Mines. On T:2639 you advanced to experience level 8. On T:2744 you reached level 3 of The Gnomish Mines. On T:3166 you reached level 4 of The Gnomish Mines. On T:3922 you advanced to experience level 9. On T:4115 you received a fireproof sling of detonation from Tymora. On T:4426 you received a fireproof sling of warning from Tymora. On T:4663 you received a fireproof thirsty sling from Tymora. On T:4794 you received a fireproof sling of stealth from Tymora. On T:5492 you advanced to experience level 10. On T:5681 you received Luck Blade from Tymora. On T:6498 you reached level 5 of The Gnomish Mines. On T:7257 you reached level 6 of The Gnomish Mines. On T:7580 you reached level 7 of The Gnomish Mines. On T:8258 you reached level 8 of The Gnomish Mines. On T:8764 you advanced to experience level 11. Latest messages: You faint from lack of food. The leather golem hits! (2x) [HP+1=112] [HP+1=113] The leather golem hits! (2x) [HP-2=111] The leather golem hits! (2x) [HP+1=112] The air elemental engulfs you! You are pummeled with debris! (2x) [HP-8=104] You are pummeled with debris! (3x) [HP-18=86] You are pummeled with debris! (6x) [HP-31=55] You are pummeled with debris! (3x) [HP-8=47] You are pummeled with debris! (3x) [HP-22=25] You are pummeled with debris! (3x) You regain consciousness. You are pummeled with debris! You die... Final status: Goodbye Arrhythmia the Convict... You died in The Gnomish Mines on dungeon level 9 with 13664 points, and 346 pieces of gold, after 9131 moves. You were level 11 with a maximum of 113 hit points when you died.